 Dungeon Crawl Stone Soup version 0.20.0-15-g7f486f2 (webtiles) character file.

13092 Kosschaser the Cleaver (level 11, -2/87 HPs)
             Began as a Deep Dwarf Necromancer on June 29, 2017.
             Was an Elder of Makhleb.
             Engulfed by a smoke demon's steam (3 damage)
             ... in a volcano.
             The game lasted 00:59:37 (11422 turns).

Kosschaser the Cleaver (Deep Dwarf Necromancer)    Turns: 11422, Time: 00:59:38

Health: -2/87      AC: 16    Str: 12    XL:     11   Next: 71%
Magic:  13/21      EV: 16    Int: 14    God:    Makhleb [****..]
Gold:   785        SH:  0    Dex: 22    Spells: 13/25 levels left

rFire    . . .     SeeInvis .   s - +2 war axe "Zekhakh" {drain, -Tele rElec Str-3 Dex+9} (curse)
rCold    + . .     Gourm    .   (no shield)
rNeg     . . .     Faith    .   x - +0 ring mail {rC+}
rPois    .         Spirit   .   C - +2 helmet
rElec    +         Reflect  .   w - +2 cloak
rCorr    .         Harm     .   (no gloves)
MR       +....     NoTele   +   t - +2 pair of boots
Stlth    ++........             (no amulet)
Regen    0.0/turn               v - ring of flight
MPRegen  0.2/turn               A - -2 ring of intelligence (curse)

@: liquid flames, non-regenerating, glowing
A: damage resistance, heal wounds, camouflage 1, frail 1, sense surroundings 2,
electricity resistance, no regeneration
a: Heal Wounds, Minor Destruction, Lesser Servant of Makhleb, Major Destruction,
Renounce Religion, Evoke Flight


You were in a volcano.
You worshipped Makhleb.
Makhleb was greatly pleased with you.
You were near starving.

You visited 3 branches of the dungeon, and saw 13 of its levels.
You also visited: Volcano.

You collected 785 gold pieces.

Inventory:

Hand Weapons
 s - the cursed +2 war axe "Zekhakh" (weapon) {drain, -Tele rElec Str-3 Dex+9}
   (You found it on level 8 of the Dungeon)

   A truly terrible weapon, it drains the life of those it strikes.
   It affects your strength (-3).
   It affects your dexterity (+9).
   It insulates you from electricity.
   It prevents most forms of teleportation.
   It has a curse placed upon it.
 u - a +1 hand axe
 y - the +7 war axe of Midsummer {chop, rF+ MP-9 Int+3}
   (You took it off an orc wizard on level 5 of the Dungeon)

   It inflicts extra damage upon your enemies.
   It affects your intelligence (+3).
   It protects you from fire.
   It affects your magic capacity (-9).
Armour
 t - a +2 pair of boots (worn)
 w - a +2 cloak (worn)
 x - a +0 ring mail of cold resistance (worn)
 C - a +2 helmet (worn)
Jewellery
 g - an uncursed ring of positive energy {unknown}
 i - a +2 ring of evasion
 v - a ring of flight (left hand)
 A - a cursed -2 ring of intelligence (right hand)
 H - an uncursed ring of magical power {unknown}
Wands
 F - a wand of random effects (42/48)
 G - a wand of clouds (3/9)
 I - a wand of digging (6/24)
 N - a wand of acid (4/15)
Scrolls
 a - 3 scrolls of teleportation
 d - a scroll of fear
 e - 2 scrolls of magic mapping
 f - a scroll of amnesia
 h - a scroll of summoning
 j - a scroll of enchant weapon
 E - a scroll of recharging
 J - a scroll of fog {unknown}
Potions
 m - 5 potions of heal wounds
 n - a potion of degeneration {unknown}
 p - 3 potions of haste {unknown}
 q - 2 potions of cancellation
 r - 6 potions of flight
 z - 2 potions of curing {unknown}
 B - a potion of might
 D - a potion of agility
 K - a potion of invisibility {unknown}
 L - 4 potions of resistance
Books
 b - a book of Necromancy

   Spells                             Type                      Level
   a - Pain                           Necromancy                   1
   b - Animate Skeleton               Necromancy                   1
   c - Vampiric Draining              Necromancy                   3
   d - Regeneration                   Charms/Necromancy            3
   e - Animate Dead                   Necromancy                   4
   f - Control Undead                 Necromancy                   4
 M - a Young Poisoner's Handbook

   Spells                             Type                      Level
   a - Sting                          Conjuration/Poison           1
   b - Poisonous Vapours              Poison/Air                   2
   c - Mephitic Cloud                 Conjuration/Poison/Air       3
   d - Olgreb's Toxic Radiance        Poison                       4
   e - Venom Bolt                     Conjuration/Poison           5
Comestibles
 c - 5 bread rations
 k - 15 royal jellies
 l - 13 fruits
 o - 4 meat rations


   Skills:
 + Level 6.1 Fighting
 + Level 10.9 Axes
 * Level 7.9 Armour
 + Level 7.2 Dodging
 - Level 3.0 Stealth
 + Level 0.1 Unarmed Combat
 + Level 7.8 Spellcasting
 + Level 10.3 Necromancy


You had 13 spell levels left.
You knew the following spells:

 Your Spells              Type           Power        Failure   Level  Hunger
a - Pain                  Necr           ####         1%          1    None
b - Vampiric Draining     Necr           ####......   1%          3    ##.....
c - Control Undead        Necr           ####......   3%          4    ####...
d - Animate Dead          Necr           N/A          3%          4    ####...


Dungeon Overview and Level Annotations

Branches:
Dungeon (10/15)            Temple (1/1) D:6            Lair (2/6) D:9
    Orc (0/2) D:9
  Swamp: Lair:2-4    Shoals: Lair:2-4     Snake: Lair:2-4    Spider: Lair:2-4

Altars:
Ashenzari
Cheibriados
Fedhas
Gozag
Makhleb
Nemelex Xobeh
Okawaru
Qazlal
Sif Muna
Trog
Vehumet
Xom
Yredelemnul
Zin

Shops:
D:5 =


Innate Abilities, Weirdness & Mutations

You are resistant to damage.
You can heal yourself by infusing magical energy.
You passively map the area around you.
You do not regenerate.
Your skin changes colour to match your surroundings (Stealth+).
You are frail. (-10% HP)
You are resistant to electric shocks. (rElec)


Message History

The red devil hits you from afar with a trident of flaming.
* * * LOW HITPOINT WARNING * * *
The red devil burns you. The smoke demon gestures at you.
The ball of steam hits you!
* * * LOW HITPOINT WARNING * * *
You feel much better.
You are engulfed in a cloud of scalding steam.
You are covered in liquid flames!
* * * LOW HITPOINT WARNING * * *
The red devil hits you from afar with a trident of flaming!
* * * LOW HITPOINT WARNING * * *
The red devil burns you.
* * * LOW HITPOINT WARNING * * *
The smoke demon gestures at you. Something smites you!
* * * LOW HITPOINT WARNING * * *
Unknown command.
You are engulfed in a cloud of scalding steam.
You die...

§§§≈≈≈§≈.≈...≈.≈≈≈≈§≈≈§§§§≈§≈≈...
≈≈≈≈≈≈≈≈≈≈§≈≈≈§≈≈≈§≈≈≈≈≈§≈≈≈≈≈≈..
≈≈§≈§≈≈≈≈≈≈≈§≈≈≈≈≈§≈§≈§§≈≈≈≈≈§≈≈≈
≈≈≈§≈≈§§≈§≈≈§≈≈≈≈≈§≈≈≈§§≈≈§§≈≈≈§≈
≈≈≈≈§§§§§≈§§§≈≈≈≈§§§≈≈§§≈≈≈≈≈≈§≈≈
≈≈≈≈§≈§§§≈≈.≈§.§§§≈.≈≈§§≈≈≈§≈≈≈≈≈
≈≈≈≈≈§≈≈§§.§§§.§.§§...§§§≈§≈≈≈≈≈≈
≈≈≈≈≈§≈.########§###### #.≈≈≈≈≈≈≈
≈≈§≈≈≈≈.# , #@# ,, ≈§§§
§≈§≈≈≈≈.#, ,,* #§# , , , ≈ §§
≈≈≈≈≈≈..# , #3#, ≈ ≈ §≈ ≈≈§≈≈§≈§#
, ,#4#, ,#.§§≈≈≈≈≈
≈§§≈≈§§§######.#.#, * * #§§≈≈≈≈≈≈
§§≈§§§§.#......#)# , #.§§≈§≈≈≈
≈≈§§≈≈≈.###++###'# +* #.≈§§§≈≈§
§≈≈≈§§§§# ... ,, #.§§≈§≈≈≈
≈§≈≈§≈§.# , .8_8. #.≈§≈≈≈≈≈


You could see a smoke demon and a red devil.

Vanquished Creatures
  4 two-headed ogres
  An ugly thing (Volcano)
  Joseph (D:7)
  A spiny frog (Lair:1)
  3 komodo dragons (Lair:1)
  A red devil (Volcano)
  2 trolls (D:10)
  Grinder (D:4)
  2 hippogriffs
  A blink frog (Lair:2)
  Sigmund (D:2)
  7 yaks (Lair:1)
  A wyvern (D:10)
  2 fire bats (Volcano)
  Duvessa (D:7)
  3 porcupines
  2 sky beasts (D:7)
  An orc warrior (D:9)
  A necrophage (D:9)
  An eye of draining (D:10)
  2 phantoms
  An ogre (D:5)
  6 wolves (Lair:1)
  2 centaurs (D:8)
  A crocodile (Lair:1)
  A big kobold (D:10)
  11 bullfrogs
  A wyvern zombie (D:7)
  3 scorpions
  A water moccasin skeleton (D:7)
  Dowan (D:7)
  6 killer bees (D:8)
  3 wights (D:9)
  2 electric eels (Lair:1)
  A bullfrog zombie (D:9)
  2 howler monkeys (D:10)
  4 jellies
  6 crimson imps
  4 lava snakes (Volcano)
  5 hounds
  2 centaur skeletons
  4 orc priests
  Crazy Yiuf (D:7)
  2 bullfrog skeletons
  14 orc wizards
  7 worker ants
  Natasha (twice) (D:2)
  4 iguanas
  A hound skeleton (D:7)
  11 adders
  3 gnolls (D:8)
  A shadow imp (D:10)
  8 oozes
  2 adder skeletons (D:7)
  A worm (D:2)
  2 dart slugs (D:1)
  7 leopard geckos
  41 orcs
  5 giant cockroaches
  9 goblins
  10 hobgoblins
  10 jackals
  14 kobolds
  4 quokkas
  8 bats
  5 frilled lizards
  2 jackal zombies
  A leopard gecko skeleton (D:5)
  4 rats
285 creatures vanquished.

Vanquished Creatures (collateral kills)
  A centaur (D:7)
  An orc wizard (D:5)
2 creatures vanquished.

Vanquished Creatures (others)
  2 plants (Lair:1)
2 creatures vanquished.

Grand Total: 289 creatures vanquished

Notes
Turn   | Place    | Note
-------+----------+-------------------------------------------
     0 | D:1      | Kosschaser the Deep Dwarf Necromancer began the quest for the Orb.
     0 | D:1      | Reached XP level 1. HP: 15/15 MP: 3/3
   149 | D:1      | Reached XP level 2. HP: 16/22 MP: 1/4
   612 | D:1      | Reached skill level 5 in Necromancy
   629 | D:1      | Reached XP level 3. HP: 15/30 MP: 3/6
   634 | D:1      | Learned a level 3 spell: Vampiric Draining
  1818 | D:2      | Noticed Sigmund
  2108 | D:2      | Noticed Natasha
  2119 | D:2      | Killed Natasha
  2119 | D:2      | Reached XP level 4. HP: 19/37 MP: 0/7
  2218 | D:2      | Noticed Natasha
  2248 | D:2      | Killed Natasha
  2640 | D:2      | Killed Sigmund
  2640 | D:2      | Reached skill level 1 in Armour
  2640 | D:2      | Reached XP level 5. HP: 9/43 MP: 0/10
  2640 | D:2      | Reached XP level 6. HP: 10/50 MP: 0/11
  3131 | D:3      | Reached skill level 1 in Fighting
  3414 | D:3      | Learned a level 4 spell: Control Undead
  3724 | D:4      | Reached skill level 1 in Axes
  3724 | D:4      | Reached XP level 7. HP: 50/57 MP: 8/13
  3732 | D:4      | Reached skill level 5 in Armour
  3732 | D:4      | Reached skill level 5 in Spellcasting
  3732 | D:4      | Reached XP level 8. HP: 64/73 MP: 9/16
  3745 | D:4      | Noticed Grinder
  3783 | D:5      | Entered Level 5 of the Dungeon
  4034 | D:5      | Found Nokamun's Jewellery Emporium.
  4415 | D:5      | Found a basalt altar of Yredelemnul.
  4498 | D:5      | Got a twisted war axe {chop}
  4500 | D:5      | Identified the +7 war axe of Midsummer {chop, rF+ MP-9 Int+3} (You took it off an orc wizard on level 5 of the Dungeon)
  4930 | D:4      | Paralysed by Grinder for 2 turns
  4942 | D:4      | Killed Grinder
  4987 | D:4      | Found a stormy altar of Qazlal.
  4990 | D:4      | Noticed an air elemental
  5559 | D:6      | Found a sparkling altar of Nemelex Xobeh.
  5684 | D:6      | Gained mutation: You passively map the area around you. [Deep Dwarf growth]
  5684 | D:6      | Reached XP level 9. HP: 65/79 MP: 9/18
  5837 | D:6      | Found a staircase to the Ecumenical Temple.
  5862 | Temple   | Entered the Ecumenical Temple
  5892 | Temple   | Became a worshipper of Makhleb the Destroyer
  6181 | D:6      | Learned a level 4 spell: Animate Dead
  6575 | D:7      | Noticed Joseph
  6726 | D:7      | Found a blossoming altar of Fedhas.
  6804 | D:7      | Gained mutation: Your spells are a little harder to cast, but a little more powerful. [mutagenic meat]
  6805 | D:7      | Gained mutation: You are robust. (+10% HP) [mutagenic meat]
  6806 | D:7      | Gained mutation: You are resistant to hostile enchantments. (MR+) [mutagenic meat]
  6807 | D:7      | Gained mutation: Your movements are slightly less encumbered by armour. (ER -2) [mutagenic meat]
  7235 | D:7      | Reached * piety under Makhleb
  7318 | D:7      | Found a runed door.
  7415 | D:7      | Noticed Dowan
  7425 | D:7      | Killed Dowan
  7430 | D:7      | Noticed Duvessa
  7442 | D:7      | Killed Duvessa
  7651 | D:7      | Noticed Crazy Yiuf
  7661 | D:7      | Killed Crazy Yiuf
  7742 | D:7      | Killed Joseph
  7921 | D:8      | Noticed a two-headed ogre
  7940 | D:8      | Killed a two-headed ogre
  7940 | D:8      | Reached skill level 5 in Fighting
  7940 | D:8      | Reached XP level 10. HP: 55/96 MP: 4/20
  7962 | D:8      | Got a fine war axe
  8043 | D:8      | Identified the cursed +2 war axe "Zekhakh" {drain, -Tele rElec Str-3 Dex+9} (You found it on level 8 of the Dungeon)
  8410 | D:8      | Reached ** piety under Makhleb
  8439 | D:8      | Noticed a two-headed ogre
  8451 | D:8      | Killed a two-headed ogre
  8527 | D:9      | Found a radiant altar of Vehumet.
  8577 | D:9      | Found a glowing silver altar of Zin.
  8628 | D:9      | Found a staircase to the Lair.
  8630 | D:9      | Found a staircase to the Orcish Mines.
  8863 | D:9      | Found a faded altar of an unknown god.
  8863 | D:9      | Found a faded altar of an unknown god.
  8868 | D:9      | Found a snail-covered altar of Cheibriados.
  8870 | D:9      | Found a shimmering altar of Xom.
  8871 | D:9      | Found an iron altar of Okawaru.
  9212 | D:9      | Noticed a two-headed ogre
  9221 | D:9      | Killed a two-headed ogre
  9225 | D:10     | Entered Level 10 of the Dungeon
  9412 | D:10     | Lost mutation: You are robust. (+10% HP) [potion of mutation]
  9412 | D:10     | Lost mutation: Your spells are a little harder to cast, but a little more powerful. [potion of mutation]
  9412 | D:10     | Gained mutation: You are frail. (-10% HP) [potion of mutation]
  9412 | D:10     | Gained mutation: Your spells are a little easier to cast, but a little less powerful. [potion of mutation]
  9412 | D:10     | Lost mutation: You are frail. (-10% HP) [potion of mutation]
  9412 | D:10     | Gained mutation: Your muscles are strong. (Str +2) [potion of mutation]
  9413 | D:10     | Lost mutation: Your muscles are strong. (Str +2) [potion of mutation]
  9413 | D:10     | Lost mutation: You are resistant to hostile enchantments. (MR+) [potion of mutation]
  9413 | D:10     | Lost mutation: Your spells are a little easier to cast, but a little less powerful. [potion of mutation]
  9413 | D:10     | Lost mutation: Your movements are slightly less encumbered by armour. (ER -2) [potion of mutation]
  9413 | D:10     | Gained mutation: You evolve. [potion of mutation]
  9413 | D:10     | Gained mutation: Your skin changes colour to match your surroundings (Stealth+). [potion of mutation]
  9413 | D:10     | Gained mutation: You have a pair of small horns on your head. [potion of mutation]
  9432 | D:10     | Reached *** piety under Makhleb
  9457 | D:10     | Reached XP level 11. HP: 96/96 MP: 7/21
  9808 | D:10     | Noticed a two-headed ogre
  9817 | D:10     | Reached skill level 10 in Axes
  9823 | D:10     | Killed a two-headed ogre
  9823 | D:10     | Reached skill level 10 in Necromancy
 10111 | Lair:1   | Entered Level 1 of the Lair of Beasts
 10462 | Lair:1   | Lost mutation: You evolve. [potion of mutation]
 10462 | Lair:1   | Lost mutation: You have a pair of small horns on your head. [potion of mutation]
 10462 | Lair:1   | Gained mutation: You are frail. (-10% HP) [potion of mutation]
 10462 | Lair:1   | Gained mutation: You are resistant to electric shocks. (rElec) [potion of mutation]
 11071 | Lair:2   | Reached **** piety under Makhleb
 11160 | Lair:2   | Found a dark tunnel.
 11169 | Volcano  | Entered a volcano
 11373 | Volcano  | Found a bloodstained altar of Trog.
 11373 | Volcano  | Noticed a red ugly thing
 11407 | Volcano  | Killed a red ugly thing
 11420 | Volcano  | HP: 3/87 [smoke demon/ball of steam (13)]
 11421 | Volcano  | HP: 1/87 [smoke demon/divine providence (9)]
 11422 | Volcano  | Engulfed by a smoke demon's steam

Skill      XL: |  1  2  3  4  5  6  7  8  9 10 11 |
---------------+----------------------------------+-----
Spellcasting   | 2 3 4 5 6 7 |  7.8
Necromancy     | 5 6 8 9 10 | 10.3
Armour         | 1 2 5 6 7 |  7.9
Dodging        | 3 6 7 |  7.2
Fighting       | 1 4 5 6 |  6.1
Axes           | 1 7 8 9 10 | 10.9
Stealth        | 3 |  3.0
Unarmed Combat | |  0.1

Action                   |  1- 3 |  4- 6 |  7- 9 | 10-12 || total
-------------------------+-------+-------+-------+-------++-------
Melee: Unarmed           |   126 |     4 |       |       ||   130
       Hand axe          |       |    60 |    89 |       ||   149
       Long sword        |       |    33 |       |       ||    33
       War axe           |       |       |   195 |   322 ||   517
       Headbutt          |       |       |       |    17 ||    17
 Cast: Pain              |    69 |    15 |       |       ||    84
       Vampiric Draining |    14 |    35 |    57 |    54 ||   160
       Control Undead    |       |       |     7 |       ||     7
       Animate Dead      |       |       |     1 |       ||     1
 Abil: Heal Wounds       |       |       |       |     4 ||     4
       Evoke Flight      |       |       |       |     1 ||     1
  Use: Scroll            |       |     4 |    11 |     8 ||    23
       Potion            |       |       |     1 |     7 ||     8
 Stab: Sleeping          |       |       |     1 |     5 ||     6
       Distracted        |       |       |       |     3 ||     3
  Eat: Chunk             |     6 |     9 |    20 |    13 ||    48
       Fruit             |       |       |     1 |       ||     1
Armor: Robe              |    21 |       |       |       ||    21
       Leather armour    |    21 |     6 |       |       ||    27
       Ring mail         |       |    32 |    88 |   126 ||   246
Dodge: Dodged            |   142 |   111 |   190 |   377 ||   820
       Rpst.: Long sword |       |     6 |       |       ||     6
